 Dungeon Sprint DCSS version 0.25.1-4-g9407a263a5 (webtiles) character file.

Game seed: 14239828380196274284

98275 Atelerd the Impaler (level 16, 0/230 HPs)
             Began as an Octopode Fighter on Nov 26, 2020.
             Was the Champion of the Shining One.
             Splashed by an acid blob's acid (6 damage)
             ... in the Dungeon (Sprint V: "Ziggurat Sprint").
             The game lasted 00:30:40 (3627 turns).

Atelerd the Impaler (Octopode Fighter)              Turns: 3627, Time: 00:30:41

Health: 0/230      AC: 14    Str: 32    XL:     16   Next: 21%
Magic:  0/43       EV: 22    Int: 14    God:    the Shining One [******]
Gold:   0          SH: 52    Dex: 19    Spells: 18/43 levels left

rFire    + + +     SeeInvis .   G - +9 lance "Wyrmbane" {slay drac, rPois rF+ rC+ AC+3}
rCold    + + .     Gourm    .   H - +18 shield of the Gong {rElec rN+ MR+ EV-5}
rNeg     + + +     Faith    .   n - +2 hat of the Bear Spirit {Spirit, +Rage rN+ MR++}
rPois    ∞         Spirit   +   b - amulet of reflection
rElec    +         Reflect  +   A - +6 ring of strength
rCorr    +         Harm     .   B - +6 ring of strength
MR       +++++     NoTele   +   w - ring of magical power
Stlth    ..........             R - ring "Eciteick" {rF+ rN+ Int+3}
HPRegen  0.48/turn              I - ring "Izuaxtumn" {rPois rN+++ MR++ Dex+6 Stlth-}
MPRegen  0.28/turn              z - ring of wizardry
                                T - +4 ring of evasion
                                a - +4 ring of protection

@: berserking, divine shield, statue-form, resistant, corroded, very slightly
contaminated, hasted, glowing, studying 2 skills, quick
A: almost no armour, stealthy swim, amphibious, 8 rings, constrict 8, camouflage
1
a: End Transformation, Divine Shield, Cleansing Flame, Summon Divine Warrior,
Brand Weapon With Holy Wrath, Renounce Religion, Evoke Berserk Rage


You were in the Dungeon.
You worshipped the Shining One.
The Shining One was exalted by your worship.
You were hungry.
You were a stone statue.
You visited 1 branch

Inventory:

Hand Weapons
 G - the +9 lance "Wyrmbane" (weapon) {slay drac, rPois rF+ rC+ AC+3}
   (You found it in the Dungeon)

   It affects your AC (+3).
   It protects you from fire.
   It protects you from cold.
   It protects you from poison.
Armour
 n - the +2 hat of the Bear Spirit (worn) {Spirit, +Rage rN+ MR++}
   (You found it in the Dungeon)

   It protects you from negative energy.
   It affects your resistance to hostile enchantments.
   It lets you go berserk.
 H - the +18 shield of the Gong (worn) {rElec rN+ MR+ EV-5}
   (You found it in the Dungeon)

   It affects your evasion (-5).
   It insulates you from electricity.
   It protects you from negative energy.
   It affects your resistance to hostile enchantments.
Jewellery
 a - a +4 ring of protection (on tentacle)
 b - an amulet of reflection (around mantle)
 w - a ring of magical power (on tentacle)
 z - a ring of wizardry (on tentacle)
 A - a +6 ring of strength (left tentacle)
 B - a +6 ring of strength (right tentacle)
 I - the ring "Izuaxtumn" (on tentacle) {rPois rN+++ MR++ Dex+6 Stlth-}
   (You found it in the Dungeon)

   [ring of dexterity]

   It affects your dexterity (+6).
   It protects you from poison.
   It renders you almost immune to negative energy.
   It affects your resistance to hostile enchantments.
   It makes you less stealthy.
 J - the amulet "Hafu" {RegenMP rElec rF+}
   (You found it in the Dungeon)

   [amulet of magic regeneration]

   It increases your magic regeneration.
   It protects you from fire.
   It insulates you from electricity.
 K - an uncursed ring of poison resistance
 M - the ring "Areshriy" {rN+ Int+2}
   (You found it in the Dungeon)

   [ring of positive energy]

   It affects your intelligence (+2).
   It protects you from negative energy.
 N - an uncursed ring of protection from cold
 O - an uncursed ring of protection from cold
 R - the ring "Eciteick" (on tentacle) {rF+ rN+ Int+3}
   (You found it in the Dungeon)

   [ring of positive energy]

   It affects your intelligence (+3).
   It protects you from fire.
   It protects you from negative energy.
 S - the amulet "Diqe Pum" {rN+ Regen+}
   (You found it in the Dungeon)

   [amulet of regeneration]

   It protects you from negative energy.
   It increases your rate of regeneration.
 T - a +4 ring of evasion (on tentacle)
 W - the cursed ring "Jirekyew" {rC+ rN+ EV-4 Int-4}
   (You found it in the Dungeon)

   [ring of evasion]

   It affects your evasion (-4).
   It affects your intelligence (-4).
   It protects you from cold.
   It protects you from negative energy.
   It has a curse placed upon it.
 Y - the ring of Idealism {+Fly Str+3 Stlth+}
   (You took it off a yaktaur in the Dungeon)

   [ring of stealth]

   It affects your strength (+3).
   It lets you fly.
   It makes you more stealthy.
 Z - an uncursed ring of see invisible
Wands
 C - a wand of disintegration (7)
 D - a wand of iceblast (6)
 E - a wand of acid (7)
Scrolls
 j - a scroll of blinking
 p - 4 scrolls of amnesia
 q - 5 scrolls of fog
 r - a scroll of holy word
 s - 3 scrolls of identify
 t - 5 scrolls of remove curse
 u - 2 scrolls of fear
 L - 9 scrolls of brand weapon
 P - 12 scrolls of enchant armour
Potions
 c - 3 potions of might
 e - 10 potions of curing
 f - 4 potions of heal wounds
 g - 2 potions of haste
 h - 2 potions of magic
 k - 2 potions of brilliance
 l - 2 potions of invisibility
 m - 3 potions of resistance
 o - 7 potions of stabbing
 x - a potion of degeneration
 V - a potion of lignification
Books
 v - a manual of Polearms
 U - a manual of Air Magic
Miscellaneous
 F - a lightning rod (4/4)
 Q - 6 boxes of beasts
 X - 6 phantom mirrors
Comestibles
 d - 4 rations


   Skills:
 - Level 13.8 Fighting
   Level 5.9(14.8) Axes
 - Level 20.4(20.6) Polearms
 - Level 1.8 Throwing
 - Level 12.4 Dodging
 - Level 4.0 Stealth
 - Level 20.0 Shields
 - Level 1.7 Unarmed Combat
 - Level 14.0 Spellcasting
 * Level 12.2 Charms
 - Level 9.1 Summonings
 - Level 9.2 Translocations
 - Level 14.0 Transmutations
 * Level 12.2 Fire Magic
 - Level 9.2 Air Magic
 - Level 14.0 Earth Magic
 - Level 13.0 Invocations
 - Level 8.0 Evocations


You had 18 spell levels left.
You knew the following spells:

 Your Spells              Type           Power        Failure   Level  Hunger
a - Petrify               Tmut/Erth      #####...     1%          4    ##.....
b - Statue Form           Tmut/Erth      #####....    1%          6    ######.
c - Summon Forest         Summ/Tloc      #####.....   1%          5    #####..
d - Ring of Flames        Chrm/Fire      #####.....   16%         7    #######
e - Ozocubu's Armour      Chrm/Ice       ####....     1%          3    None

Your spell library contained the following spells:

 Spells                   Type           Power        Failure   Level  Hunger
 Foxfire                  Conj/Fire      ####         1%          1    None
 Summon Small Mammal      Summ           ####         1%          1    None
 Call Imp                 Summ           #####...     1%          2    None
 Call Canine Familiar     Summ           #####...     1%          3    None
 Conjure Flame            Conj/Fire      ####....     1%          3    None
 Gell's Gravitas          Tloc           #####.....   1%          3    None
 Ignite Poison            Fire/Tmut/Pois ####....     1%          3    None
 Inner Flame              Hex/Fire       ####....     1%          3    None
 Portal Projectile        Hex/Tloc       ###...       1%          3    None
 Recall                   Summ/Tloc      N/A          1%          3    None
 Static Discharge         Conj/Air       ###.....     1%          3    None
 Stone Arrow              Conj/Erth      ####..       1%          3    None
 Summon Guardian Golem    Hex/Summ       ###.....     1%          3    None
 Leda's Liquefaction      Hex/Erth       ####......   1%          4    ##.....
 Summon Lightning Spire   Summ/Air       #####...     1%          4    ##.....
 Corona                   Hex            #......      2%          1    None
 Freeze                   Ice            #...         2%          1    None
 Sticky Flame             Conj/Fire      ####....     2%          4    ##.....
 Bolt of Magma            Conj/Fire/Erth ####......   2%          5    #####..
 Slow                     Hex            #.......     4%          2    None
 Sublimation of Blood     Necr           #.........   4%          2    None
 Summon Ice Beast         Ice/Summ       ###.....     4%          4    ##.....
 Alistair's Intoxication  Tmut/Pois      ####....     4%          5    #####..
 Borgnjor's Vile Clutch   Necr/Erth      ####......   4%          5    #####..
 Irradiate                Conj/Tmut      ####......   4%          5    #####..
 Yara's Violent Unravell  Hex/Tmut       ####......   4%          5    #####..
 Fireball                 Conj/Fire      ####......   6%          5    #####..
 Iskenderun's Battlesphe  Conj/Chrm      ####....     6%          5    #####..
 Confusing Touch          Hex            #.......     9%          3    None
 Frozen Ramparts          Ice            #.....       9%          3    None
 Dispersal                Tloc           #####.....   10%         6    ######.
 Lightning Bolt           Conj/Air       ###.......   12%         5    #####..
 Eringya's Noxious Bog    Tmut/Pois      ####......   24%         6    ######.
 Iron Shot                Conj/Erth      ####......   24%         6    ######.
 Animate Dead             Necr           N/A          26%         4    ##.....
 Cause Fear               Hex            #.........   26%         4    ##.....
 Hailstorm                Conj/Ice       #.......     26%         4    ##.....
 Starburst                Conj/Fire      ####......   32%         6    ######.
 Malign Gateway           Summ/Tloc      #####.....   45%         7    #######
 Monstrous Menagerie      Summ           #####.....   45%         7    #######
 Summon Greater Demon     Summ           #####.....   45%         7    #######
 Metabolic Englaciation   Hex/Ice        #.........   56%         5    #####..
 Ignition                 Fire           #####.....   73%         8    #######
 Spellforged Servitor     Conj/Summ      ###.......   96%         7    #######
 Death Channel            Necr           #.........   98%         6    ######.
 Simulacrum               Ice/Necr       #.........   98%         6    ######.
 Controlled Blink         Tloc           N/A          98%         8    #######
 Disjunction              Tloc           #####.....   98%         8    #######
 Summon Horrible Things   Summ           #####.....   98%         8    #######
 Orb of Destruction       Conj           #.........   100%        7    #######
 Shatter                  Erth           #####.....   100%        9    #######
 Tornado                  Air            #####.....   100%        9    #######


Dungeon Overview and Level Annotations

Branches:
Dungeon (1/1)

Altars:
Ashenzari
Cheibriados
Dithmenos
Elyvilon
Fedhas
Gozag
Hepliaklqana
Kikubaaqudgha
Makhleb
Nemelex Xobeh
Okawaru
Qazlal
Ru
Sif Muna
Trog
Uskayaw
Vehumet
Wu Jian
Xom
Yredelemnul
Zin
The Shining One
Beogh
Jiyva
Lugonu


Innate Abilities, Weirdness & Mutations

You cannot wear most types of armour.
You are very stealthy in the water. (Stealth+)
You are amphibious.
You can wear up to eight rings at the same time.
You can use your tentacles to constrict eight enemies at once.
Your skin changes colour to match your surroundings (Stealth+).
((Your rubbery body absorbs attacks. (AC +1, EV +1)))


Message History

Your angel hits the death ooze with a +2 whip of holy wrath.
The death ooze convulses.
A large slime creature splits.
The great orb of eyes closely misses you.
Unknown command.
Unknown command.
You puncture the great orb of eyes!
You kill the great orb of eyes!
You block the death ooze's attack.
SHROANNG!
You block the death ooze's attack.
PANG!
The death ooze hits your angel but does no damage.
The death ooze closely misses your angel.
The golden eye blinks at you. You resist with almost no effort.
The acid blob spits acid at you. The splash of acid hits you. You resist.
* * * LOW HITPOINT WARNING * * *
You are splashed with acid.
You resist.
You die...

...§........... ▓............
................▓............
................▓............
................▓............
................▓........).†.
...........G.J..▓..........†.
..........JJ....▓............
..▓......GJG▓GJ.▓...▓.......▓
..........J.8J..▓............
..........JGAJ..▓............
.......©..JJ....▓.......©....
▓▓▓▓▓▓▓▓▓▓▓▓▓▓▓▓▓▓▓▓▓▓▓▓▓▓▓▓▓
▓......8©8... ▓..)...)[|=[)
▓..[[||)=)..) ▓....".))}[[.
▓............


You could see 3 acid blobs, a great orb of eyes, an enormous slime creature, 4
slime creatures, a shining eye, an eye of devastation, a glowing orange brain, 3
death oozes, a golden eye and a friendly angel (summoned, corroded).

Vanquished Creatures
  A greater mummy (D)
  A lich (D)
  An Ice Fiend (D)
  4 acid blobs (D)
  An acid blob (shapeshifter) (D)
  Donald (D)
  Agnes (D)
  An azure jelly (D)
  A reaper (D)
  2 stone giants (D)
  2 vampire knights (D)
  A dire elephant (D)
  2 mummy priests (D)
  4 merfolk javelineers (D)
  2 death oozes (D)
  5 merfolk impalers (D)
  13 vault guards (D)
  6 yaktaur captains (D)
  A great orb of eyes (D)
  An ice dragon (D)
  A spriggan air mage (D)
  2 centaur warriors (D)
  9 merfolk aquamancers (D)
  2 satyrs (D)
  A deep elf knight (D)
  An iron troll (shapeshifter) (D)
  5 skeletal warriors (D)
  An unseen horror (shapeshifter) (D)
  A spriggan druid (D)
  4 sea snakes (D)
  A deep elf archer (D)
  A glowing orange brain (shapeshifter) (D)
  4 necromancers (D)
  2 wolf spiders (D)
  A deep elf mage (D)
  A wolf spider (shapeshifter) (D)
  2 cyclopes (shapeshifter) (D)
  A faun (D)
  A shining eye (shapeshifter) (D)
  2 cyclopes (D)
  2 manticores (D)
  A glowing shapeshifter (D)
  A faun (shapeshifter) (D)
  A water nymph (shapeshifter) (D)
  A merfolk siren (D)
  A freezing wraith (D)
  2 rime drakes (D)
  4 ice devils (D)
  A tormentor (D)
  3 dryads (D)
  6 yaktaurs (D)
  A yaktaur (shapeshifter) (D)
  3 guardian mummies (D)
  11 merfolk (D)
  A hornet (D)
  A meliai (shapeshifter) (D)
  2 wind drakes (D)
  A queen bee (shapeshifter) (D)
  A jumping spider (D)
  A slime creature (D)
  A slime creature (shapeshifter) (D)
  3 hippogriffs (D)
  A large abomination (D)
  A snapping turtle (D)
  3 shadows (D)
  A redback (D)
  2 spriggans (D)
  An air elemental (D)
  A water elemental (D)
  2 tarantellas (D)
  A vampire (D)
  A golden eye (shapeshifter) (D)
  A hog (shapeshifter) (D)
  A golden eye (D)
  A neqoxec (D)
  A small abomination (D)
  A floating eye (shapeshifter) (D)
  A floating eye (D)
  A black bear (D)
  An ice beast (D)
  A swamp drake (D)
  An eye of draining (D)
  A necrophage (D)
  A wolf (D)
  A tengu (shapeshifter) (D)
  10 centaurs (D)
  2 earth elementals (D)
  4 scorpions (D)
  2 wights (D)
  A crimson imp (D)
  3 orc priests (D)
  A jelly (D)
  An iron imp (D)
  4 mummies (D)
  A shadow imp (D)
  A white imp (D)
  An adder zombie (D)
  3 adder skeletons (D)
  2 orcs (D)
  4 bat skeletons (D)
  2 bat zombies (D)
  2 ball python skeletons (D)
  A giant cockroach zombie (D)
  A jackal skeleton (D)
  A leopard gecko skeleton (D)
  A quokka zombie (D)
218 creatures vanquished.

Vanquished Creatures (collateral kills)
  Nikola (D)
  An acid blob (D)
  A shadow dragon (shapeshifter) (D)
  A shadow dragon (D)
  A stone giant (D)
  Azrael (D)
  Snorg (D)
  A vault guard (D)
  An ice dragon (D)
  Erica (D)
  A spriggan air mage (D)
  A centaur warrior (D)
  A merfolk aquamancer (D)
  An anaconda (shapeshifter) (D)
  A spriggan berserker (D)
  Nergalle (D)
  A lindwurm (shapeshifter) (D)
  An eye of devastation (shapeshifter) (D)
  A freezing wraith (D)
  A hornet (D)
  A slime creature (D)
  A golden eye (shapeshifter) (D)
  A centaur (D)
  A centaur (shapeshifter) (D)
  Blork the orc (D)
  An adder (shapeshifter) (D)
  A bat zombie (D)
27 creatures vanquished.

Vanquished Creatures (others)
  A merfolk javelineer (D)
  Joseph (D)
  A jumping spider (D)
  A flying skull (D)
  Sigmund (D)
  Crazy Yiuf (D)
  Terence (D)
  Jessica (D)
  A white imp (D)
  A bat zombie (D)
10 creatures vanquished.

Grand Total: 255 creatures vanquished

Notes
Turn   | Place    | Note
-------+----------+-------------------------------------------
     0 | D        | Atelerd the Octopode Fighter began the quest for the Orb.
     0 | D        | Reached XP level 1. HP: 16/16 MP: 1/1
     0 | D        | Found a shimmering blue altar of Sif Muna.
     0 | D        | Found a bloodstained altar of Trog.
     0 | D        | Found a sacrificial altar of Ru.
     0 | D        | Found a stormy altar of Qazlal.
     0 | D        | Found an iron altar of Okawaru.
     3 | D        | Found a sparkling altar of Nemelex Xobeh.
     3 | D        | Found a blossoming altar of Fedhas.
     4 | D        | Found the +6 Majin-Bo {vamp, Archmagi MP+6 Int+6}
     4 | D        | Found the +7 great mace "Firestarter" {inner flame, rF++}
     5 | D        | Found a transporter.
     5 | D        | Found an ancient bone altar of Kikubaaqudgha.
     5 | D        | Found a viscous altar of Jiyva.
     5 | D        | Found a corrupted altar of Lugonu.
     5 | D        | Found a hazy altar of Hepliaklqana.
     5 | D        | Found a burning altar of Makhleb.
     5 | D        | Found an opulent altar of Gozag.
    56 | D        | Became a worshipper of the Shining One
    68 | D        | Found the +6 shillelagh "Devastator" {shatter}
    68 | D        | Found the +11 plutonium sword {*Contam Stlth-}
    68 | D        | Found the +8 lance "Wyrmbane" {slay drac, rPois rF+ rC+
                  | AC+3}
    68 | D        | Found the +9 sword of Zonguldrok {reap}
    68 | D        | Found the cursed +13 scythe of Curses {drain, *Curse}
    68 | D        | Found the +0 sword of Power
    68 | D        | Found the +7 mace of Variability {chain chaos}
    68 | D        | Found the +7 Singing Sword {vorpal, sonic wave}
    68 | D        | Found the +8 storm bow {elec, penet}
    69 | D        | Found the +9 heavy crossbow "Sniper" {vorpal, Acc+∞ SInv}
    69 | D        | Found the +10 dark maul {vorpal}
    69 | D        | Found the +15 Maxwell's patent armour {-Cast -Tele rElec
                  | MR+ rCorr}
    69 | D        | Found the +18 shield of the Gong {rElec rN+ MR+ EV-5}
    69 | D        | Found the cursed +14 obsidian axe {vorpal, +Fly SInv
                  | *Curse}
    87 | D        | Reached skill level 1 in Polearms
    87 | D        | Reached skill level 1 in Throwing
    87 | D        | Reached skill level 1 in Unarmed Combat
    87 | D        | Reached skill level 1 in Evocations
    87 | D        | Reached XP level 2. HP: 21/21 MP: 1/5
   136 | D        | Entered arena 2.
   136 | D        | Noticed a spriggan
   136 | D        | Noticed a wolf
   136 | D        | Found a transporter.
   139 | D        | Killed a spriggan
   139 | D        | Reached skill level 5 in Fighting
   139 | D        | Reached skill level 5 in Dodging
   139 | D        | Reached XP level 3. HP: 20/29 MP: 5/8
   139 | D        | Reached XP level 4. HP: 24/35 MP: 6/10
   139 | D        | Reached XP level 5. HP: 27/39 MP: 6/11
   145 | D        | Killed a wolf
   145 | D        | Reached XP level 6. HP: 33/46 MP: 6/12
   151 | D        | Got the ring "Izuaxtumn" {rPois rN+++ MR++ Dex+6 Stlth-}
   230 | D        | Entered arena 3.
   230 | D        | Noticed a rime drake
   230 | D        | Noticed a swamp drake
   230 | D        | Reached * piety under the Shining One
   230 | D        | Noticed a rime drake
   230 | D        | Found a transporter.
   235 | D        | Killed a rime drake
   235 | D        | Reached skill level 5 in Spellcasting
   235 | D        | Reached XP level 7. HP: 46/53 MP: 12/15
   239 | D        | Reached skill level 10 in Shields
   241 | D        | Killed a rime drake
   276 | D        | Entered arena 4.
   276 | D        | Noticed a merfolk
   276 | D        | Noticed a merfolk
   276 | D        | Noticed a merfolk
   276 | D        | Reached ** piety under the Shining One
   276 | D        | Noticed a merfolk
   276 | D        | Found a transporter.
   282 | D        | Killed a merfolk
   282 | D        | Reached XP level 8. HP: 51/61 MP: 13/17
   287 | D        | Killed a merfolk
   291 | D        | Killed a merfolk
   298 | D        | Killed a merfolk
   298 | D        | Reached XP level 9. HP: 49/66 MP: 16/19
   525 | D        | Entered arena 5.
   525 | D        | Found a transporter.
   526 | D        | Found the +2 hat of the Bear Spirit {Spirit, +Rage rN+
                  | MR++}
   534 | D        | Reached skill level 5 in Polearms
   669 | D        | Entered arena 6.
   669 | D        | Reached *** piety under the Shining One
   669 | D        | Found a transporter.
   673 | D        | Reached **** piety under the Shining One
   728 | D        | Entered arena 7.
   728 | D        | Noticed a merfolk
   728 | D        | Noticed a merfolk
   728 | D        | Reached ***** piety under the Shining One
   728 | D        | Noticed a merfolk
   730 | D        | Found a transporter.
   737 | D        | Killed a merfolk
   749 | D        | Killed a merfolk
   756 | D        | Killed a merfolk
   859 | D        | Entered arena 8.
   859 | D        | Reached ****** piety under the Shining One
   860 | D        | Found a transporter.
   865 | D        | Reached XP level 10. HP: 73/73 MP: 20/20
   885 | D        | Got the ring "Areshriy" {rN+ Int+2}
   896 | D        | Entered arena 9.
   896 | D        | Noticed a deep elf mage
   896 | D        | Noticed a deep elf knight
   896 | D        | Noticed a deep elf archer
   897 | D        | Found the +12 Vampire's Tooth {vamp}
   897 | D        | Found a transporter.
   911 | D        | Killed a deep elf archer
   911 | D        | Reached skill level 5 in Invocations
   911 | D        | Killed a deep elf mage
   911 | D        | Reached skill level 10 in Dodging
   915 | D        | Killed a deep elf knight
  1065 | D        | Entered arena 10.
  1065 | D        | Noticed a wolf spider
  1066 | D        | Found a transporter.
  1072 | D        | Killed a wolf spider
  1072 | D        | Reached skill level 15 in Shields
  1079 | D        | Reached skill level 10 in Fighting
  1079 | D        | Reached skill level 10 in Polearms
  1165 | D        | Entered arena 11.
  1165 | D        | Noticed a cyclops
  1166 | D        | Found a transporter.
  1170 | D        | Reached XP level 11. HP: 81/81 MP: 17/21
  1193 | D        | Killed a cyclops
  1221 | D        | Got the Guide on Warped Sinister Magic
  1228 | D        | Entered arena 12.
  1228 | D        | Noticed a vampire knight
  1228 | D        | Noticed a vampire knight
  1228 | D        | Noticed a lich
  1229 | D        | Noticed a necromancer
  1231 | D        | Found a transporter.
  1238 | D        | Killed a vampire knight
  1246 | D        | Killed a vampire knight
  1256 | D        | Killed a necromancer
  1259 | D        | Killed a lich
  1397 | D        | Learned a level 4 spell: Petrify
  1398 | D        | Entered arena 13.
  1399 | D        | Identified the +4 shortbow "Owarchan" {freeze, rF++}
  1399 | D        | Noticed a mummy priest
  1399 | D        | Noticed a greater mummy
  1399 | D        | Noticed a mummy priest
  1400 | D        | Found a transporter.
  1405 | D        | Reached XP level 12. HP: 80/90 MP: 16/22
  1406 | D        | Reached skill level 1 in Transmutations
  1406 | D        | Reached skill level 1 in Earth Magic
  1409 | D        | Killed a mummy priest
  1420 | D        | Killed a greater mummy
  1420 | D        | Reached skill level 5 in Axes
  1420 | D        | Reached skill level 5 in Transmutations
  1420 | D        | Reached skill level 10 in Invocations
  1423 | D        | Reached skill level 5 in Earth Magic
  1426 | D        | Killed a mummy priest
  1461 | D        | Got the amulet "Diqe Pum" {rN+ Regen+}
  1481 | D        | Learned a level 6 spell: Statue Form
  1660 | D        | Entered arena 14.
  1731 | D        | Found a transporter.
  1773 | D        | Got Edahiomn's Guide on the Destructive Volcanoes
  1898 | D        | Entered arena 15.
  1900 | D        | Noticed a merfolk impaler
  1900 | D        | Noticed a merfolk aquamancer
  1900 | D        | Noticed a merfolk aquamancer
  1900 | D        | Noticed a merfolk aquamancer
  1900 | D        | Noticed a merfolk aquamancer
  1900 | D        | Noticed a merfolk impaler
  1901 | D        | Noticed a merfolk aquamancer
  1901 | D        | Noticed a merfolk impaler
  1902 | D        | Noticed a merfolk javelineer
  1902 | D        | Noticed a merfolk aquamancer
  1910 | D        | Killed a merfolk aquamancer
  1910 | D        | Reached XP level 13. HP: 98/98 MP: 17/25
  1922 | D        | Reached skill level 5 in Evocations
  1934 | D        | Killed a merfolk impaler
  1942 | D        | Found a transporter.
  1949 | D        | Killed a merfolk javelineer
  1951 | D        | Killed a merfolk impaler
  1956 | D        | Killed a merfolk impaler
  2083 | D        | Got the cursed ring "Jirekyew" {rC+ rN+ EV-4 Int-4}
  2107 | D        | Entered arena 16.
  2108 | D        | Noticed a dire elephant
  2122 | D        | Killed a dire elephant
  2122 | D        | Reached skill level 10 in Spellcasting
  2137 | D        | Reached skill level 10 in Earth Magic
  2137 | D        | Reached skill level 10 in Transmutations
  2157 | D        | Found a transporter.
  2253 | D        | Entered arena 17.
  2255 | D        | Noticed Donald
  2255 | D        | Noticed Blork the orc
  2256 | D        | Noticed Nikola
  2256 | D        | Noticed Crazy Yiuf
  2256 | D        | Noticed Sigmund
  2256 | D        | Noticed Snorg
  2256 | D        | Noticed Azrael
  2256 | D        | Noticed Nergalle
  2256 | D        | Noticed Terence
  2257 | D        | Noticed Erica
  2257 | D        | Noticed Agnes
  2257 | D        | Killed Sigmund
  2257 | D        | Killed Joseph
  2258 | D        | Identified the +0 flail of Xymacejoi {speed, Dex+6}
  2258 | D        | Noticed Jessica
  2258 | D        | Killed Crazy Yiuf
  2258 | D        | Killed Terence
  2258 | D        | Killed Jessica
  2259 | D        | Found the +3 sling "Punk" {acid, rCorr}
  2262 | D        | Killed Blork the orc
  2264 | D        | Killed Agnes
  2265 | D        | Killed Nergalle
  2268 | D        | Killed Donald
  2268 | D        | Killed Snorg
  2269 | D        | Killed Erica
  2272 | D        | Killed Azrael
  2276 | D        | Killed Nikola
  2276 | D        | Reached XP level 14. HP: 104/104 MP: 11/29
  2280 | D        | Found a transporter.
  2351 | D        | Entered arena 18.
  2357 | D        | Identified the ring of Idealism {+Fly Str+3 Stlth+}
  2358 | D        | Identified the +11 bardiche "Xenihekk" {venom, rN+}
  2367 | D        | Reached skill level 15 in Polearms
  2504 | D        | Found a transporter.
  2632 | D        | Entered arena 19.
  2635 | D        | Noticed a shadow dragon
  2635 | D        | Noticed a stone giant
  2635 | D        | Noticed a stone giant
  2635 | D        | Identified the +4 hunting sling "Tattletale" {flame, Int+3}
  2635 | D        | Identified the amulet "Cyulien" {RegenMP rC+ Int+8 Stlth-}
  2637 | D        | Noticed a stone giant
  2647 | D        | Killed a shadow dragon
  2670 | D        | Killed a stone giant
  2674 | D        | Killed a stone giant
  2692 | D        | Killed a stone giant
  2692 | D        | Reached XP level 15. HP: 109/109 MP: 10/33
  2699 | D        | Found a transporter.
  2766 | D        | Learned a level 5 spell: Summon Forest
  2772 | D        | Entered arena 20.
  2779 | D        | Identified the amulet "Hafu" {RegenMP rElec rF+}
  2779 | D        | Found a transporter.
  2781 | D        | Reached skill level 1 in Translocations
  2785 | D        | Reached skill level 1 in Summonings
  2785 | D        | Reached skill level 1 in Air Magic
  2792 | D        | HP: 4/109 [merfolk javelineer/javelin (26)]
  2825 | D        | Reached skill level 5 in Translocations
  2826 | D        | Reached skill level 5 in Summonings
  2826 | D        | Reached skill level 5 in Air Magic
  3058 | D        | Entered arena 21.
  3065 | D        | Noticed a glowing shapeshifter
  3065 | D        | a glowing shapeshifter changed into a deep troll
  3065 | D        | Noticed a shard shrike
  3066 | D        | Noticed a juggernaut
  3067 | D        | Found the +8 autumn katana {vorpal, Clar}
  3067 | D        | Found the +9 staff of Olgreb {rPois∞}
  3067 | D        | Noticed an iron giant
  3067 | D        | a juggernaut changed into an iron giant
  3067 | D        | Noticed a juggernaut
  3067 | D        | a shard shrike changed into a juggernaut
  3067 | D        | Noticed a shard shrike
  3067 | D        | a juggernaut changed into a shard shrike
  3072 | D        | Noticed a juggernaut
  3072 | D        | a shard shrike changed into a juggernaut
  3075 | D        | Noticed a shadow dragon
  3075 | D        | a juggernaut changed into a shadow dragon
  3077 | D        | Noticed a storm dragon
  3077 | D        | an entropy weaver changed into a storm dragon
  3078 | D        | Killed a shadow dragon
  3087 | D        | a storm dragon changed into a dire elephant
  3090 | D        | Noticed an acid blob
  3090 | D        | a dire elephant changed into an acid blob
  3091 | D        | Noticed a shadow dragon
  3091 | D        | an iron giant changed into a shadow dragon
  3095 | D        | a shadow dragon changed into an iron troll
  3097 | D        | Killed an acid blob
  3123 | D        | Found a transporter.
  3150 | D        | Got the ring "Eciteick" {rF+ rN+ Int+3}
  3172 | D        | Learned a level 7 spell: Ring of Flames
  3179 | D        | Learned a level 3 spell: Ozocubu's Armour
  3361 | D        | Entered arena 22.
  3366 | D        | Noticed an Ice Fiend
  3368 | D        | Identified the cursed +1 hand crossbow of Red Wine {elec,
                  | rPois Int+4 Stlth+}
  3371 | D        | Reached skill level 1 in Charms
  3371 | D        | Reached skill level 1 in Fire Magic
  3384 | D        | Killed an Ice Fiend
  3384 | D        | Reached skill level 5 in Charms
  3384 | D        | Reached skill level 5 in Fire Magic
  3427 | D        | Found a transporter.
  3590 | D        | Entered arena 23.
  3597 | D        | Noticed an acid blob
  3597 | D        | Noticed an acid blob
  3597 | D        | Noticed an acid blob
  3598 | D        | Noticed an acid blob
  3598 | D        | Noticed an azure jelly
  3598 | D        | Noticed an acid blob
  3598 | D        | Noticed an acid blob
  3599 | D        | Found the +5 demon whip "Spellbinder" {antimagic, MR+}
  3599 | D        | Noticed an acid blob
  3599 | D        | Noticed an acid blob
  3600 | D        | Paralysed by a floating eye for 2 turns
  3613 | D        | Killed an acid blob
  3614 | D        | Paralysed by a floating eye for 2 turns
  3615 | D        | Killed an acid blob
  3615 | D        | Reached XP level 16. HP: 83/118 MP: 4/34
  3616 | D        | Killed an acid blob
  3616 | D        | Reached skill level 10 in Charms
  3616 | D        | Reached skill level 10 in Fire Magic
  3619 | D        | Killed an azure jelly
  3622 | D        | Killed an acid blob
  3625 | D        | HP: 8/230 [acid (5)]
  3626 | D        | Killed an acid blob
  3627 | D        | Splashed by an acid blob's acid

Illustrated notes

Levels and vault maps discovered:
D:        sprint_v [room_start, room_1, room_2, room_3, room_4, room_5, room_6,
          room_7, room_8, room_9, room_10, room_11, room_12, room_13, room_14,
          room_15, room_16, room_17, room_18, room_19, room_20, room_21,
          room_22, room_23, room_24, room_25, room_26, room_27]

Skill      XL: |  1  2  3  4  5  6  7  8  9 10 11 12 13 14 15 16 |
---------------+-------------------------------------------------+-----
Polearms       | 1 2 3 4 7 10 11 14 19 20 | 20.4
Throwing       | 1 |  1.8
Stealth        | 3 4 |  4.0
Shields        | 4 7 8 9 11 12 14 15 20 | 20.0
Unarmed Combat | 1 |  1.7
Spellcasting   | 2 4 5 6 7 8 11 14 | 14.0
Invocations    | 2 3 7 9 11 13 | 13.0
Evocations     | 1 4 6 8 |  8.0
Fighting       | 5 6 7 8 10 11 12 13 | 13.8
Dodging        | 5 7 8 9 10 11 12 | 12.4
Transmutations | 7 11 14 | 14.0
Earth Magic    | 7 11 14 | 14.0
Axes           | 5 |  5.9
Translocations | 9 |  9.2
Summonings     | 9 |  9.1
Air Magic      | 9 |  9.2
Charms         | 9 12 | 12.2
Fire Magic     | 9 12 | 12.2

Action                   |  1- 3 |  4- 6 |  7- 9 | 10-12 | 13-15 | 16-18 || total
-------------------------+-------+-------+-------+-------+-------+-------++-------
Melee: Lance             |     2 |     9 |    69 |   208 |   303 |    11 ||   602
       Tentacles         |     1 |     1 |    27 |    69 |   111 |     3 ||   212
       Constrict         |       |       |    11 |    25 |    54 |     1 ||    91
       Punch             |       |       |       |     4 |     9 |       ||    13
 Cast: Statue Form       |       |       |       |       |     8 |       ||     8
       Ozocubu's Armour  |       |       |       |       |     1 |       ||     1
Invok: Divine Shield     |       |       |     4 |     4 |     7 |       ||    15
       Cleansing Flame   |       |       |       |     4 |    15 |       ||    19
       Summon Divine War |       |       |       |     1 |     6 |       ||     7
 Abil: Evoke Berserk Rag |       |       |       |       |     2 |       ||     2
Evoke: Wand              |       |       |       |     1 |       |       ||     1
  Use: Potion            |     1 |       |       |     3 |    31 |     1 ||    36
       Scroll            |       |       |       |       |     7 |       ||     7
  Eat: Chunk             |       |       |       |     1 |     5 |       ||     6
       Ration            |       |       |       |     1 |     3 |       ||     4
Armor: Skin              |       |       |     1 |     4 |    71 |     6 ||    82
Dodge: Dodged            |       |       |    18 |    53 |   158 |     4 ||   233
Block: Kite shield       |     4 |    11 |   100 |   357 |   679 |    18 ||  1169
       Reflection        |       |       |       |       |    15 |     1 ||    16
